Map: Bridgehead LE (Void)

Players

Nina (Lillekanin)

  • Race: Terran Terran
  • League: Diamond

Bioice - Winner!

  • Race: Zerg Zerg
  • League: Diamond

Event: ASL Season 5 Prime League LOTV Beta

VOD

Have the link to the VOD?

Description

Time

  • Played on: Sept. 1, 2015, 8:36 p.m.
  • Length: 12:07

All games in this series

Show
View Real Time Build Order
Export as new Build Order

Nina Terran 

Build Orders: Liberator Opening, Hellbat Liberator, Mech 

Get SALT Encoding   

  12  0:01  SCV  
  13  0:13  SCV  
  14  0:18  Supply Depot  
  14  0:25  SCV  
  15  0:39  SCV  
  15  0:41  Barracks  
  16  0:45  Refinery  
  16  0:51  SCV  
  17  1:04  SCV  
  18  1:16  SCV  
  19  1:30  Command Center, SCV  
  20  1:38  Barracks Reactor  
  20  1:42  SCV  
  21  1:56  Orbital Command  
  21  2:06  Factory  
  21  2:15  Marine x2  
  23  2:26  SCV  
  24  2:37  Command Center  
  24  2:38  SCV  
  24  2:43  SCV  
  26  2:52  Starport  
  26  2:54  SCV  
  27  2:59  Hellion  
  31  3:05  Hellion  
  31  3:07  SCV  
  31  3:11  SCV  
  33  3:17  Refinery  
  33  3:19  Liberator  
  34  3:20  SCV  
  34  3:23  Hellion  
  34  3:26  SCV  
  37  3:37  SCV  
  41  3:42  SCV  
  42  3:50  SCV  
  42  3:52  Hellion x2  
  42  3:54  SCV  
  48  3:56  SCV  
  49  4:04  Armory  
  49  4:06  SCV  
  48  4:13  Hellion  
  50  4:20  SCV x2, Liberator  
  52  4:25  Barracks Reactor  
  52  4:28  SCV  
  52  4:30  Refinery  
  53  4:31  Refinery  
  53  4:32  SCV  
  53  4:36  Engineering Bay  
  57  4:39  SCV  
  58  4:46  SCV  
  58  4:47  SCV  
  60  4:54  SCV  
  61  5:05  Supply Depot  
  61  5:07  Supply Depot  
  61  5:08  Orbital Command  
  61  5:19  Missile Turret x2  
  61  5:21  Liberator  
  61  5:22  Missile Turret  
  61  5:25  Missile Turret  
  61  5:27  SCV, Hellion x2  
  61  5:28  Liberator  
  66  5:34  Missile Turret, Terran Vehicle Weapons Level 1  
  69  5:47  SCV  
  73  6:01  Planetary Fortress  
  72  6:06  Missile Turret  
  72  6:07  Missile Turret  
  72  6:11  SCV  
  71  6:13  Factory  
  71  6:18  Widow Mine  
  71  6:19  SCV  
  71  6:21  Factory, Liberator  
  71  6:23  SCV  
  75  6:31  Factory  
  75  6:32  SCV  
  79  6:41  Liberator  
  79  6:42  SCV  
  79  6:43  SCV  
  79  6:44  SCV  
  79  6:54  SCV  
  79  7:01  Factory Tech Lab  
  77  7:03  SCV, Liberator  
  78  7:10  SCV  
  78  7:11  SCV  
  78  7:13  Supply Depot, Refinery  
  78  7:15  SCV, Missile Turret  
  80  7:16  Factory Tech Lab  
  80  7:17  Factory Tech Lab  
  84  7:22  Refinery  
  84  7:25  SCV  
  84  7:27  Armory  
  85  7:35  SCV, Siege Tank, Supply Depot  
  85  7:37  Hellion x4  
  89  7:40  SCV  
  89  7:47  Siege Tank  
  92  7:53  SCV  
  92  7:57  SCV x2, Hellion x2  
  99  8:02  Supply Depot  
  99  8:09  SCV x2  
  101  8:13  Missile Turret  
  101  8:20  Supply Depot  
  101  8:22  Supply Depot  
  101  8:23  SCV x2  
  101  8:24  Supply Depot  
  101  8:26  Terran Vehicle Weapons Level 2  
  103  8:28  Terran Vehicle And Ship Armor Level 1  
  103  8:31  SCV  
  104  8:45  Command Center  
  100  8:49  SCV  
  100  8:52  Siege Tank x2  
  100  8:53  Mag-Field Accelerator  
  105  8:56  Infernal Pre-Igniter  
  105  9:04  Siege Tank  
  105  9:05  Hellion  
  110  9:10  SCV  
  110  9:12  SCV, Factory  
  112  9:21  Hellbat  
  114  9:24  Cyclone  
  114  9:25  Hellbat  
  114  9:29  Hellbat  
  119  9:36  Siege Tank  
  122  9:44  Hellion x2  
  122  9:46  Cyclone  
  122  9:48  Hellbat  
  122  9:51  Hellbat  
  122  9:52  Sensor Tower  
  129  9:55  Supply Depot x2  
  129  9:56  Cyclone, Missile Turret  
  129  9:57  Liberator  
  134  10:08  Hellbat  
  134  10:10  Hellbat  
  136  10:14  Factory Tech Lab  
  136  10:18  Cyclone  
  136  10:26  Sensor Tower  
  136  10:29  Missile Turret  
  136  10:30  Planetary Fortress  
  136  10:33  Siege Tank  
  136  10:34  Hellion x4  
  147  10:39  Missile Turret  
  147  10:40  Missile Turret  
  147  10:42  Missile Turret  
  146  10:50  Siege Tank  
  146  10:54  Missile Turret  
  146  10:55  Hellbat x2  
  149  11:02  SCV, Missile Turret  
  149  11:03  Hellbat x2  
  149  11:04  Missile Turret  
  152  11:10  SCV x2  
  152  11:14  SCV  
  152  11:17  Siege Tank  
  139  11:21  Hellbat  
  139  11:22  SCV x2  
  139  11:23  Hellbat  
  128  11:26  SCV  
  117  11:34  SCV  
  117  11:39  Hellbat  
  108  11:47  SCV  
Show
View Real Time Build Order
Export as new Build Order

Bioice Zerg - Winner!

Build Orders: Hatch First, Roach Hydra Viper 

Get SALT Encoding   

  12  0:01  Drone  
  13  0:07  Drone  
  14  0:14  Extractor  
  14  0:15  Drone  
  14  0:21  Drone, Extractor  
  13  0:28  Overlord  
  16  0:51  Hatchery  
  16  0:53  Drone  
  16  0:55  Drone  
  17  1:10  Spawning Pool  
  16  1:12  Drone  
  16  1:15  Extractor  
  17  1:18  Drone  
  17  1:21  Drone  
  18  1:29  Drone  
  19  1:38  Overlord  
  19  1:58  Queen, Zergling x2  
  19  2:00  Drone  
  23  2:02  Queen  
  23  2:04  Drone  
  26  2:10  Drone  
  26  2:15  Drone  
  28  2:16  Metabolic Boost  
  28  2:20  Drone  
  29  2:24  Overlord  
  29  2:31  Drone  
  30  2:38  Drone  
  30  2:43  Drone  
  32  2:47  Drone  
  33  2:54  Overlord  
  33  2:55  Lair  
  33  2:57  Drone  
  34  3:03  Extractor  
  33  3:08  Drone x3  
  33  3:11  Overlord  
  33  3:12  Drone x2  
  38  3:19  Drone  
  39  3:21  Drone  
  39  3:23  Extractor  
  39  3:24  Extractor  
  38  3:29  Drone  
  38  3:32  Drone  
  40  3:38  Zergling x4  
  42  3:41  Zergling x4  
  42  3:42  Zergling x2  
  42  3:44  Hatchery  
  42  3:45  Drone  
  45  3:51  Drone  
  45  3:55  Drone, Spire  
  46  4:05  Drone  
  46  4:13  Drone  
  46  4:15  Drone x2  
  49  4:17  Overlord  
  49  4:25  Drone x4  
  49  4:29  Overlord  
  53  4:34  Queen  
  53  4:35  Overlord  
  55  4:41  Zergling x2  
  56  4:52  Overlord  
  56  4:59  Queen  
  58  5:09  Mutalisk  
  58  5:10  Mutalisk x6  
  58  5:12  Mutalisk  
  74  5:19  Drone x3  
  77  5:21  Overlord  
  77  5:22  Drone  
  77  5:26  Drone x2  
  80  5:28  Drone  
  80  5:32  Overlord  
  80  5:33  Drone  
  82  5:48  Drone x3  
  82  5:49  Roach Warren, Drone  
  85  5:50  Evolution Chamber  
  85  5:51  Evolution Chamber  
  85  5:52  Overlord  
  85  5:53  Drone  
  84  5:59  Drone x2  
  86  6:12  Drone x6  
  86  6:15  Extractor  
  86  6:17  Zerg Missile Weapons Level 1, Zerg Ground Armor Level 1, Extractor  
  90  6:20  Drone x3  
  90  6:21  Infestation Pit  
  90  6:23  Drone x2  
  94  6:26  Drone  
  94  6:28  Zerg Flyer Armor Level 1  
  94  6:30  Drone  
  94  6:31  Drone  
  97  6:35  Drone  
  97  6:36  Drone  
  97  6:39  Glial Reconstitution  
  91  7:04  Drone  
  91  7:05  Roach x6  
  91  7:06  Roach x3  
  102  7:21  Roach x2  
  106  7:23  Overlord x2, Hydralisk Den  
  106  7:24  Hatchery  
  104  7:31  Overlord x2  
  104  7:36  Hive  
  103  7:51  Roach x6  
  111  7:52  Roach x3  
  111  7:54  Overlord x2  
  111  7:56  Muscular Augments  
  121  7:59  Overlord x2  
  121  8:00  Overlord x2  
  121  8:16  Zerg Ground Armor Level 2, Zerg Missile Weapons Level 2  
  120  8:21  Overlord, Extractor x2  
  120  8:22  Overlord  
  120  8:23  Drone x2  
  120  8:24  Drone x3  
  120  8:25  Drone  
  124  8:50  Viper x3  
  124  8:52  Hatchery, Viper  
  124  8:53  Hydralisk x4  
  124  8:54  Hydralisk x2  
  147  8:57  Hydralisk x3  
  147  9:01  Hydralisk x3  
  147  9:02  Hydralisk  
  161  9:10  Hydralisk x3  
  164  9:19  Hydralisk x3  
  168  9:29  Hydralisk x3  
  174  9:38  Hydralisk x4  
  174  9:39  Hydralisk x2  
  174  9:44  Mutalisk  
  178  9:57  Extractor  
  176  10:16  Viper x2  
  182  10:22  Drone x5  
  182  10:23  Viper  
  182  10:26  Spine Crawler  
  182  10:27  Spore Crawler, Spine Crawler, Drone x2  
  182  10:28  Drone x6  
  195  10:30  Extractor  
  195  10:31  Extractor  
  164  11:36  Viper x5  
Tags
 
Add a new tag
Caveats
  • Supply blocks, unpowered buildings, or Contaminate may cause inaccurate times.
  • Supply counts are checked every 10 seconds.